 Dungeon Crawl Stone Soup version 0.26.1-10-gdfb7c7de75 (webtiles) character file.

Game seed: 5466168840137474657

105 infcreate the Sneak (level 4, 0/24 HPs)
             Began as a Vampire Enchanter on Apr 9, 2021.
             Slain by an ice beast (1 damage)
             ... on level 2 of the Dungeon.
             The game lasted 00:09:52 (2082 turns).

infcreate the Sneak (Vampire Enchanter)             Turns: 2082, Time: 00:09:52

Health: 0/24       AC:  2    Str:  7    XL:     4   Next: 53%
Magic:  5/7        EV: 13    Int: 17    God:
Gold:   93         SH:  0    Dex: 15    Spells: 1/7 levels left

rFire    . . .     SeeInvis +   a - +1 dagger
rCold    + + .     Faith    .   (no shield)
rNeg     + + +     Spirit   .   b - +0 robe
rPois    ∞         Reflect  .   (no helmet)
rElec    .         Harm     .   (no cloak)
rCorr    .         Rampage  .   (no gloves)
Will     .....                  (no boots)
Stlth    +++++.....             (no amulet)
HPRegen  0.00/turn              (no ring)
MPRegen  0.10/turn              (no ring)

@: bloodless
A: fangs 3, see invisible, unbreathing
a: Bat Form, Revivify


You were on level 2 of the Dungeon.
You visited 1 branch of the dungeon, and saw 2 of its levels.

You collected 93 gold pieces.


Innate Abilities, Weirdness & Mutations

You do not regenerate when monsters are visible.
You are frail without blood (-20% HP).
You can heal yourself when you bite living creatures.
You are immune to poison.
You have razor-sharp teeth.
You have supernaturally acute eyesight. (SInv)
You can survive without breathing.


   Skills:
 + Level 0.9 Fighting
 * Level 2.4 Short Blades
 * Level 3.0 Dodging
 * Level 5.4 Stealth
 + Level 2.2 Spellcasting
 * Level 5.2 Hexes


You had one spell level left.
You knew the following spells:

 Your Spells              Type           Power        Failure   Level
c - Corona                Hex            21%          2%          1
e - Ensorcelled Hibernat  Hex/Ice        20%          10%         2
t - Confusing Touch       Hex            19%          7%          3

Your spell library contained the following spells:

 Spells                   Type           Power        Failure   Level
 Tukima's Dance           Hex            19%          7%          3
 Dazzling Flash           Conj/Hex       20%          19%         3

Inventory:

Hand Weapons
 a - a +1 dagger (weapon)
Armour
 b - a +0 robe (worn)
 h - a +1 pair of gloves
Jewellery
 j - a cursed ring of teleportation {unknown}
 k - an uncursed ring of resist corrosion {unknown}
Scrolls
 i - a scroll of enchant armour
 l - a scroll of remove curse {unknown}
Potions
 c - 2 potions of curing {unknown}
 d - a potion of invisibility {unknown}
 e - a potion of brilliance {unknown}
 f - a potion of mutation {unknown}
 g - a potion of attraction {unknown}
 m - a potion of cancellation {unknown}

Dungeon Overview and Level Annotations

Branches:
Dungeon (2/15)

Altars:
The Shining One

#>.....##.....# ###########
#.###<........#
###....†....####.####.##.....#
..†..).................###.######
###...........#.##.#.#.# #.# #...
#............#).#.....##.# #(..
#...(.......#.░░(#..#.##.###..(
#...........#)░░.#..#..#.).....
#......†.†...#@Y#...##.#####...
#.........#.#.##.#.## ..######.
#.........#......... ......(.
#..........)##.##### ..#####.
#.........[....# #.
#.........###### #. ########...
#. ##### #.### #. ....# #.# #.


You could see an ice beast (confused).


Message History

The ice beast freezes you. You resist.
You hit the ice beast but do no damage.
The ice beast is almost dead.
The ice beast hits you.
* * * LOW HITPOINT WARNING * * *
The ice beast freezes you. You resist.
* * * LOW HITPOINT WARNING * * *
You hit the ice beast but do no damage. Your bite misses the ice beast.
The ice beast is almost dead.
You hit the ice beast but do no damage.
The ice beast appears confused.
You bite the ice beast, but do no damage.
The ice beast is almost dead.
The ice beast hits you.
* * * LOW HITPOINT WARNING * * *
The ice beast freezes you. You resist.
* * * LOW HITPOINT WARNING * * *
You barely miss the ice beast.
The ice beast is almost dead.
The ice beast closely misses you.
You hit the ice beast. You bite the ice beast.
The ice beast is almost dead.
The ice beast barely misses you.
You barely miss the ice beast.
The ice beast is almost dead.
Things that are here:
a spear; a ring mail You barely miss the ice beast.
The ice beast is almost dead.
The ice beast hits you.
You die...

Skill      XL: |  1  2  3  4 |
---------------+-------------+-----
Short Blades   | 2 |  2.4
Stealth        | 5 |  5.4
Hexes          | 5 |  5.2
Dodging        | 3 |  3.0
Fighting       | |  0.9
Spellcasting   | |  2.2

Action                   |  1- 3 |  4- 6 || total
-------------------------+-------+-------++-------
Melee: Dagger            |    66 |    28 ||    94
       Bite              |     5 |     2 ||     7
 Cast: Corona            |    11 |     2 ||    13
       Ensorcelled Hiber |    14 |     2 ||    16
       Confusing Touch   |       |     1 ||     1
 Abil: Exsanguinate      |     1 |       ||     1
  Use: Scroll            |     1 |       ||     1
 Stab: Sleeping          |    22 |     9 ||    31
Armor: Robe              |     4 |       ||     4
Dodge: Dodged            |    38 |     9 ||    47

Levels and vault maps discovered:
D:1:      lemuel_arrival_cross, layout_basic, tso_altar
D:2:      layout_basic, minmay_small_reverse_x, uniq_terence

Notes
Turn   | Place    | Note
-------+----------+-------------------------------------------
     0 | D:1      | infcreate the Vampire Enchanter began the quest for the
                  | Orb.
     0 | D:1      | Reached XP level 1. HP: 13/13 MP: 3/3
   150 | D:1      | Reached XP level 2. HP: 15/15 MP: 3/5
   153 | D:1      | Learned a level 2 spell: Ensorcelled Hibernation
   666 | D:1      | Found a glowing golden altar of the Shining One.
   987 | D:1      | Reached XP level 3. HP: 16/20 MP: 1/6
  1001 | D:1      | Learned a level 3 spell: Confusing Touch
  1212 | D:2      | Noticed an ice beast
  1226 | D:2      | Noticed Terence
  1250 | D:2      | Killed Terence
  1251 | D:2      | Reached skill level 2 in Short Blades
  1251 | D:2      | Reached skill level 5 in Stealth
  1251 | D:2      | Reached skill level 5 in Hexes
  1810 | D:2      | Reached XP level 4. HP: 22/24 MP: 0/7
  2021 | D:2      | Reached skill level 3 in Dodging
  2075 | D:2      | HP: 1/24 [ice beast (3)]
  2082 | D:2      | Slain by an ice beast

Vanquished Creatures
  Terence (D:2)
  A worker ant (D:2)
  An ooze (D:1)
  2 dart slugs (D:1)
  3 leopard geckos
  A bat (D:1)
  A giant cockroach (D:1)
  8 goblins
  6 hobgoblins
  3 jackals (D:2)
  5 kobolds
  4 frilled lizards
  7 rats
43 creatures vanquished.

Table legend: (Time is in decaauts)
 A = Elapsed time spent in this place.
 B = Non-inter-level travel time spent in this place.
 C = Inter-level travel time spent in this place.
 D = Time resting spent in this place.
 E = Time spent auto-exploring this place.
 F = Levels seen in this place.
 G = Mean time per level.
                   A        B        C        D        E       F      G
               +--------+--------+--------+--------+--------+-----+--------+
         Total |   2072 |   1890 |    182 |    578 |     42 |   2 | 1036.0 |
       Dungeon |   2072 |   1890 |    182 |    578 |     42 |   2 | 1036.0 |
               +--------+--------+--------+--------+--------+-----+--------+

Top non-repeatable levels by time:
     D:1: 1198 daAuts
     D:2: 874 daAuts

Table legend:
 A = Non-vault XP
 B = Vault XP
 C = Vault XP percentage of total XP
 D = Non-vault monster count
 E = Vault monster count
 F = Vault count percentage of total count
                 A         B        C        D         E       F
            +---------+---------+-------+---------+---------+-------
      Total |      77 |      73 |  48.7 |      39 |       4 |   9.3
            +---------+---------+-------+---------+---------+-------
        D:1 |      47 |       0 |   0.0 |      22 |       0 |   0.0
        D:2 |      30 |      73 |  70.9 |      17 |       4 |  19.0
            +---------+---------+-------+---------+---------+-------
